 Dungeon Crawl Stone Soup version 0.29-a0-334-gb41bcbb86e (webtiles) character file.

Game seed: 5586293762876706020

74 spaghetti the Magician (level 4, -3/27 HPs)
             Began as an Octopode Fire Elementalist on Apr 14, 2022.
             Killed from afar by Ijyb (13 damage)
             ... with an iceblast
             ... on level 3 of the Dungeon.
             The game lasted 00:03:27 (3023 turns).

spaghetti the Magician (Octopode Fire Elementalist) Turns: 3023, Time: 00:03:28

Health: -3/27      AC:  2    Str:  7    XL:     4   Next: 28%
Magic:  4/10       EV: 12    Int: 25    God:
Gold:   103        SH:  3    Dex: 12    Spells: 8/11 levels left

rFire   . . .      SeeInvis .   g - staff of conjuration {!a@e2staff}
rCold   . . .      Faith    .   j - +0 buckler
rNeg    . . .      Spirit   .   d - +1 hat
rPois   .          Reflect  .   (no amulet)
rElec   .          Harm     .   e - ring of willpower
rCorr   .          Rampage  .   k - +6 ring of intelligence
Will    +....                   (no ring)
Stlth   +++.......              (no ring)
HPRegen 0.09/turn               (no ring)
MPRegen 0.12/turn               (no ring)
                                (no ring)
                                (no ring)

@: no status effects
A: almost no armour, amphibious, 8 rings, camouflage 1, gelatinous body 1,
(nimble swimmer 1), tentacles
a: no special abilities


You were on level 3 of the Dungeon.
You visited 1 branch of the dungeon, and saw 3 of its levels.

You collected 103 gold pieces.


Innate Abilities, Weirdness & Mutations

You cannot wear most types of armour.
You are amphibious.
You can wear up to eight rings at the same time.
Your skin changes colour to match your surroundings (Stealth+).
Your rubbery body absorbs attacks. (AC +1, EV +1)
((You are camouflaged when in or above water. (Stealth+)))
You have tentacles for arms and can constrict up to eight enemies at once.


   Skills:
 - Level 2.0 Dodging
 - Level 2.6 Stealth
 + Level 4.1 Spellcasting
 - Level 1.0 Conjurations
 - Level 3.0 Fire Magic


You had 8 spell levels left.
You knew the following spells:

 Your Spells              Type           Power      Damage    Failure   Level
a - Foxfire               Conj/Fire      88%        2x1d8     5%          1
b - Scorch                Fire           40%        2d7       5%          2

Your spell library contained the following spells:

 Spells                   Type           Power      Damage    Failure   Level
 Animate Skeleton         Necr           10%        N/A       12%         1
 Conjure Flame            Conj/Fire      22%        6-21      16%         3
 Inner Flame              Hex/Fire       12%        N/A       21%         3
 Ozocubu's Armour         Ice            5%         N/A       36%         3
 Flame Wave               Conj/Fire      22%        2d7       47%         4
 Metabolic Englaciation   Hex/Ice        2%         N/A       98%         5
 Simulacrum               Ice/Necr       2%         N/A       100%        6

Inventory:

Hand Weapons
 c - a +0 hunting sling {sling}
   (You found it on level 1 of the Dungeon)
 f - a +0 club {mace}
   (You took it off a goblin on level 1 of the Dungeon)
 h - a +1 whip of distortion {!wmace}
   (You took it off a kobold on level 1 of the Dungeon)
Missiles
 i - 46 stones {throwing}
 o - 6 silver javelins {throwing}
Armour
 d - a +1 hat (worn)
   (You found it on level 1 of the Dungeon)
 j - a +0 buckler (worn)
   (You found it on level 1 of the Dungeon)
Magical Staves
 g - a staff of conjuration (weapon) {!a@e2staff}
   (You found it on level 1 of the Dungeon)
Jewellery
 e - a ring of willpower (left tentacle)
   (You found it on level 1 of the Dungeon)
 k - a +6 ring of intelligence (right tentacle)
   (You found it on level 1 of the Dungeon)
Scrolls
 l - 2 scrolls of identify {unknown}
 p - a scroll of blinking {unknown}
 q - 3 scrolls of teleportation {unknown}
 r - a scroll of immolation {unknown}
 s - 3 scrolls of fear {unknown}
Potions
 a - a potion of magic
 b - a potion of cancellation {unknown}
 m - a potion of ambrosia {unknown}
 n - a potion of curing {unknown}
 t - a potion of haste {unknown}

Dungeon Overview and Level Annotations

Branches:
Dungeon (3/15)

Altars:

Annotations:
D:3 Ijyb

#..#.##.#.#.########
#####.#.##.#.#.........
........##....##########
........##....##........
........##....##........
######........##........
##.###...##........
#..##...##..g.....
##.##.....@# #.##...##.#
#.##...##.# #..#...##.#
##.#...##.# #.....##.#
##.#.###.. #...# ###
##..#


You could see Ijyb (combustible).


Message History

Casting: Foxfire (safe; 5% risk of failure)
Confirm with . or Enter, or press ? or * to list all spells.
You feel a surge of power!
You conjure some foxfire! 😎 MP[-1]
You lost 1 mp, and now have 8/10 mp.
Casting: Foxfire (safe; 5% risk of failure)
Confirm with . or Enter, or press ? or * to list all spells.
You feel a surge of power!
You conjure some foxfire!
The foxfire hits the dart slug. 😎 MP[-1]
You lost 1 mp, and now have 7/10 mp.
Casting: Foxfire (safe; 5% risk of failure)
Confirm with . or Enter, or press ? or * to list all spells.
You feel a surge of power!
You conjure some foxfire!
The foxfire hits the dart slug!
The foxfire hits the dart slug.
You kill the dart slug! 😎 MP[-1]
You lost 1 mp, and now have 6/10 mp.
A goblin comes into view. It is wielding a +0 dagger. 😎 MP[+4]
Your mp is fully restored (10).
A goblin is nearby!
A goblin is nearby!
A goblin is nearby!
Casting: Foxfire (safe; 5% risk of failure)
Confirm with . or Enter, or press ? or * to list all spells.
You feel a surge of power!
You conjure some foxfire! 😎 MP[-1]
You lost 1 mp, and now have 9/10 mp.
Casting: Foxfire (safe; 5% risk of failure)
Confirm with . or Enter, or press ? or * to list all spells.
You feel a surge of power!
You conjure some foxfire! 😎 MP[-1]
You lost 1 mp, and now have 8/10 mp.
Casting: Foxfire (safe; 5% risk of failure)
Confirm with . or Enter, or press ? or * to list all spells.
You feel a surge of power!
You conjure some foxfire!
The goblin shouts!
The foxfire hits the goblin.
You kill the goblin! 😎 MP[-1]
You lost 1 mp, and now have 7/10 mp.
Casting: Foxfire (safe; 5% risk of failure)
Confirm with . or Enter, or press ? or * to list all spells.
You feel a surge of power!
You conjure some foxfire!
An endoplasm comes into view.
The foxfire hits the endoplasm. 😎 MP[-1]
You lost 1 mp, and now have 6/10 mp.
Casting: Foxfire (safe; 5% risk of failure)
Confirm with . or Enter, or press ? or * to list all spells.
You feel a surge of power!
You conjure some foxfire!
The foxfire hits the endoplasm!
You kill the endoplasm! 😎 MP[-1]
You lost 1 mp, and now have 5/10 mp.
Found a stone staircase leading up. 😎 MP[+5]
Your mp is fully restored (10).
Things that are here:
a +0 dagger {short}; a goblin corpse Key pressed, stopping explore.
Key pressed, stopping explore.
Found a stone staircase leading down.
Ijyb the Twisted Goblin comes into view.
She is wielding a +0 club and carrying a wand of iceblast (3).
Casting: Foxfire (safe; 5% risk of failure)
Confirm with . or Enter, or press ? or * to list all spells.
You can't see any susceptible monsters within range! (Use Z to cast anyway.) Unknown command.
Casting: Foxfire (safe; 5% risk of failure)
Confirm with . or Enter, or press ? or * to list all spells.
You can't see any susceptible monsters within range! (Use Z to cast anyway.)
Casting: Foxfire (safe; 5% risk of failure)
Confirm with . or Enter, or press ? or * to list all spells.
You can't see any susceptible monsters within range! (Use Z to cast anyway.)
Casting: Foxfire (safe; 5% risk of failure)
Confirm with . or Enter, or press ? or * to list all spells.
Flames lash Ijyb.
Ijyb shouts!
Ijyb's fire resistance burns away. 😎 MP[-2]
You lost 2 mp, and now have 8/10 mp.
Casting: Scorch (safe; 5% risk of failure)
Confirm with . or Enter, or press ? or * to list all spells.
Flames lash Ijyb.
Ijyb is burned terribly!
Ijyb zaps a wand.
The mass of ice explodes!
The iceblast engulfs you!
Ouch! That really hurt!
* * * LOW HITPOINT WARNING * * *
You hear a shout! x2 😨 HP[-17] MP[-2]
You take 17 damage, and now have 10/27 hp.
MASSIVE DAMAGE!! (PAUSE)
You lost 2 mp, and now have 6/10 mp.
Casting: Scorch (safe; 5% risk of failure)
Confirm with . or Enter, or press ? or * to list all spells.
Flames lash Ijyb.
Ijyb is burned terribly!
Ijyb zaps a wand.
The mass of ice explodes!
The iceblast engulfs you!
You die...

Skill      XL: |  1  2  3 |
---------------+----------+-----
Spellcasting   | 3 4 |  4.1
Dodging        | |  2.0
Stealth        | |  2.6
Conjurations   | |  1.0
Fire Magic     | |  3.0

Action                   |  1- 3 |  4- 6 || total
-------------------------+-------+-------++-------
Melee: Staff             |    10 |       ||    10
       Constrict         |     5 |       ||     5
       Tentacles         |     1 |       ||     1
 Cast: Foxfire           |   115 |    16 ||   131
       Scorch            |     4 |     3 ||     7
Armor: Skin              |     9 |       ||     9
Dodge: Dodged            |    20 |       ||    20
Block: Buckler           |     2 |       ||     2

Levels and vault maps discovered:
D:1:      grunt_arrival_crossed_arrows, layout_basic
D:2:      layout_basic, shapermc_ecumenical_altar_rom_forum, grunt_ministairs_11
D:3:      layout_basic, mainiacjoe_overflow_small_starburst, uniq_ijyb

Notes
Turn   | Place    | Note
-------+----------+-------------------------------------------
     0 | D:1      | spaghetti the Octopode Fire Elementalist began the quest
                  | for the Orb.
     0 | D:1      | Reached XP level 1. HP: 11/11 MP: 3/3
     0 | D:1      | magus.rc [v1.9.6]
   140 | D:1      | Reached XP level 2. HP: 7/17 MP: 0/5
   516 | D:1      | Learned a level 2 spell: Scorch
   622 | D:1      | Reached skill level 3 in Spellcasting
   818 | D:1      | HP: 4/17 [endoplasm (3)]
  1158 | D:1      | Reached XP level 3. HP: 21/21 MP: 3/7
  1796 | D:2      | Found a faded altar of an unknown god.
  1801 | D:2      | Got Plato's Volume of Evil Rites
  2183 | D:2      | You pick up a book of Winter and begin reading...
  2183 | D:2      | You add the spells Ozocubu's Armour, Metabolic Englaciation
                  | and Simulacrum to your library.
  2547 | D:2      | Reached skill level 4 in Spellcasting
  2547 | D:2      | Reached XP level 4. HP: 27/27 MP: 6/10
  3017 | D:3      | Noticed Ijyb
  3023 | D:3      | Killed from afar by Ijyb

Vanquished Creatures
  2 adders (D:2)
  A dart slug (D:3)
  8 endoplasms
  2 giant cockroaches (D:1)
  6 goblins
  2 hobgoblins
  7 kobolds
  3 quokkas (D:2)
  4 ball pythons
  6 bats
  4 frilled lizards
  4 rats
49 creatures vanquished.

Vanquished Creatures (others)
  209 foxfires
209 creatures vanquished.

Grand Total: 258 creatures vanquished

Table legend:
 A = Non-vault XP
 B = Vault XP
 C = Vault XP percentage of total XP
 D = Non-vault monster count
 E = Vault monster count
 F = Vault count percentage of total count
                 A         B        C        D         E       F
            +---------+---------+-------+---------+---------+-------
      Total |     102 |       4 |   3.8 |      47 |       2 |   4.1
            +---------+---------+-------+---------+---------+-------
        D:1 |      43 |       0 |   0.0 |      27 |       0 |   0.0
        D:2 |      51 |       4 |   7.3 |      17 |       2 |  10.5
        D:3 |       8 |       0 |   0.0 |       3 |       0 |   0.0
            +---------+---------+-------+---------+---------+-------

Illustrated notes

Table legend:
 A = Kills in this place as a percentage of kills in entire the game.
 B = Kills by you in this place as a percentage of kills by you in the entire game.
 C = Kills by friends in this place as a percentage of kills by friends in the entire game.
 D = Other kills in this place as a percentage of other kills in the entire game.
 E = Experience gained in this place as a percentage of experience gained in the entire game.
 F = Experience gained in this place divided by the number of levels of this place that you have seen.
                   A       B       C       D       E      F
               +-------+-------+-------+-------+-------+----------------------
         Total | 100.0 | 100.0 |   N/A |   N/A | 100.0 |  35.3
       Dungeon | 100.0 | 100.0 |   N/A |   N/A | 100.0 |  35.3
               +-------+-------+-------+-------+-------+----------------------

Table legend: (Time is in decaauts)
 A = Elapsed time spent in this place.
 B = Non-inter-level travel time spent in this place.
 C = Inter-level travel time spent in this place.
 D = Time resting spent in this place.
 E = Time spent auto-exploring this place.
 F = Levels seen in this place.
 G = Mean time per level.
                   A        B        C        D        E       F      G
               +--------+--------+--------+--------+--------+-----+--------+
         Total |   3023 |   2978 |     45 |    408 |   2261 |   3 | 1007.7 |
       Dungeon |   3023 |   2978 |     45 |    408 |   2261 |   3 | 1007.7 |
               +--------+--------+--------+--------+--------+-----+--------+

Top non-repeatable levels by time:
     D:1: 1655 daAuts
     D:2: 1217 daAuts
     D:3: 150 daAuts
